 Dungeon Crawl Stone Soup version 0.22.1-2-g9c5b331383 (webtiles) character file.

2275 heresey83 the Magician (level 9, -4/61 HPs)
             Began as a Demonspawn Wizard on Jan 1, 2019.
             Was a Believer of Sif Muna.
             Slain by a hippogriff (8 damage)
             ... on level 7 of the Dungeon.
             The game lasted 01:11:35 (8218 turns).

heresey83 the Magician (Demonspawn Wizard)          Turns: 8218, Time: 01:11:36

Health: -4/61      AC:  5    Str: 13    XL:     9   Next: 16%
Magic:  16/20      EV: 13    Int: 23    God:    Sif Muna [**....]
Gold:   294        SH:  0    Dex: 11    Spells: 9/22 levels left

rFire    + . .     SeeInvis .   B - +1 scythe (venom)
rCold    + . .     Gourm    .   (shield currently unavailable)
rNeg     + . .     Faith    .   i - +0 robe {rC+ rF+}
rPois    .         Spirit   .   b - +0 hat
rElec    .         Reflect  .   (no cloak)
rCorr    +         Harm     .   (no gloves)
MR       .....                  (no boots)
Stlth    ++........             v - amulet of regeneration
HPRegen  0.60/turn              f - ring of positive energy
MPRegen  0.17/turn              y - ring of resist corrosion (curse)

@: mighty
A: antennae 1, thin metallic scales 2, powered by pain 1, spiny 1
a: Divine Energy, Renounce Religion


You were on level 7 of the Dungeon.
You worshipped Sif Muna.
Sif Muna was pleased with you.
You were not hungry.

You visited 2 branches of the dungeon, and saw 8 of its levels.

You collected 294 gold pieces.

Inventory:

Hand Weapons
 l - a +0 mace
 B - a +1 scythe of venom (weapon)
 G - a cursed -2 spear
 L - a +0 hunting sling
 M - a cursed -1 dire flail
 P - a +3 quarterstaff of chaos
 S - a +0 hand crossbow
Missiles
 c - 80 arrows
 d - a throwing net
 h - 7 poisoned needles (quivered)
 j - 48 bolts
Armour
 b - a +0 hat (worn)
 i - a +0 robe of resistance (worn)
 C - a +0 robe
 Q - a +0 cloak
 R - the +5 ring mail of Ucwown {Int+3, unknown}
   (You found it on level 7 of the Dungeon)

   It affects your intelligence (+3).
Jewellery
 f - a ring of positive energy (left hand)
 s - an uncursed amulet of the acrobat
 v - an amulet of regeneration (around neck)
 y - a cursed ring of resist corrosion (right hand)
 E - an uncursed ring of fire {unknown}
 H - a +3 ring of protection {unknown}
 N - a cursed -5 ring of dexterity {unknown}
Wands
 w - a wand of disintegration (11)
 z - a wand of paralysis (14)
Scrolls
 n - 3 scrolls of enchant weapon
 o - a scroll of fear {unknown}
 q - 2 scrolls of amnesia
 t - 2 scrolls of immolation {unknown}
 u - 2 scrolls of teleportation
 D - a scroll of random uselessness {unknown}
 F - 2 scrolls of remove curse {unknown}
Potions
 a - 4 potions of curing {unknown}
 e - 2 potions of magic
 g - 2 potions of haste
 k - 3 potions of heal wounds
 m - a potion of brilliance {unknown}
 r - a potion of resistance {unknown}
 x - a potion of cancellation {unknown}
 A - a potion of berserk rage {unknown}
 I - 2 potions of agility {unknown}
 J - 2 potions of ambrosia {unknown}
 K - a potion of flight {unknown}
 O - a potion of mutation {unknown}
Comestibles
 p - 13 rations
 T - a chunk of flesh


   Skills:
 + Level 2.0 Fighting
 + Level 0.2 Maces & Flails
 + Level 4.1 Polearms
 + Level 3.1 Dodging
 + Level 3.0 Stealth
 + Level 7.4 Spellcasting
 + Level 2.9 Conjurations
 + Level 6.4 Summonings
 + Level 0.8 Translocations
 + Level 0.1 Fire Magic


You had 9 spell levels left.
You knew the following spells:

 Your Spells              Type           Power        Failure   Level  Hunger
a - Magic Dart            Conj           ###.         2%          1    None
b - Blink                 Tloc           N/A          8%          2    None
c - Call Imp              Summ           #####...     1%          2    None
d - Slow                  Hex            #.......     11%         2    None
e - Conjure Flame         Conj/Fire      ###.....     12%         3    None
f - Mephitic Cloud        Conj/Pois/Air  ##......     14%         3    None

Your spell library contained the following spells:

 Spells                   Type           Power        Failure   Level  Hunger


Dungeon Overview and Level Annotations

Branches:
Dungeon (7/15)             Temple (1/1) D:4

Altars:
Ashenzari
Cheibriados
Dithmenos
Fedhas
Gozag
Hepliaklqana
Kikubaaqudgha
Makhleb
Nemelex Xobeh
Okawaru
Qazlal
Ru
Sif Muna
Trog
Uskayaw
Vehumet
Wu Jian
Xom
Yredelemnul
Zin
The Shining One


Innate Abilities, Weirdness & Mutations

You have a pair of small antennae on your head.
You are mostly covered in thin metallic scales. (AC +3)
You sometimes gain a little power by taking damage.
You are partially covered in sharp spines.


Message History

The hippogriff is struck by your spines.
The hippogriff bites you. The hippogriff pecks you. The hippogriff claws you.
Your crimson imp hits the hippogriff.
Your crimson imp closely misses the quokka.
Casting: Call Imp (safe; 1% risk of failure)
Confirm with . or Enter, or press ? or * to list all spells.
You miscast Call Imp.
Sif Muna protects you from the effects of your miscast!
The hippogriff bites you. The hippogriff pecks you!
* * * LOW HITPOINT WARNING * * *
The hippogriff closely misses you.
Casting: Call Imp (safe; 1% risk of failure)
Confirm with . or Enter, or press ? or * to list all spells.
A metallic apparition takes form in the air.
The hippogriff bites you!
* * * LOW HITPOINT WARNING * * *
You focus on the pain.
You feel very mighty all of a sudden. The hippogriff barely misses you.
The hippogriff claws you!
You die...

########### #..#######.###...
#.........#######..'.....####....
#..................#.....#.....).
#..................###'######....
#..................#.....####....
#.....>......##.†..#.....##......
######...........5÷#######.......
#......#.#####†.####........
#......#..5@.##..#..........
############H.#..)...###....
##..r.....##........
#r..##..#.##.######.
#'#######..... ##... ≈5.
#.....##..## ..... #.###....###
≈..$... #..........# ≈...###
#######.....


You could see a hippogriff, a quokka and a friendly iron imp.

Vanquished Creatures
  3 hogs (D:7)
  A human (D:7)
  An orc warrior (D:6)
  An ogre (D:6)
  A bullfrog (D:6)
  3 scorpions
  2 crimson imps
  A bullfrog zombie (D:5)
  An orc wizard (D:3)
  A centaur skeleton (D:4)
  2 bullfrog skeletons
  2 hounds
  2 iguanas
  5 worker ants
  A killer bee zombie (D:6)
  A hound skeleton (D:5)
  3 gnolls
  4 adders
  An adder zombie (D:5)
  2 worms
  4 leopard geckos
  7 orcs
  2 bats
  10 giant cockroaches
  6 goblins
  4 hobgoblins
  A jackal (D:1)
  A quokka (D:3)
  A ball python (D:3)
  3 frilled lizards
  4 kobolds
  6 rats
87 creatures vanquished.

Vanquished Creatures (collateral kills)
  Sigmund (D:4)
  A hog (D:7)
  A sky beast (D:6)
  5 ogres
  A scorpion (D:5)
  A howler monkey (D:4)
  2 hounds
  An orc wizard (D:2)
  A jelly (D:6)
  Crazy Yiuf (D:6)
  A centaur skeleton (D:6)
  Jessica (D:2)
  An iguana (D:6)
  Ijyb (D:4)
  A worker ant (D:6)
  7 gnolls
  6 adders
  6 worms
  2 dart slugs (D:3)
  4 leopard geckos
  9 orcs
  A bat (D:1)
  3 giant cockroaches
  3 goblins (D:3)
  4 hobgoblins
  10 jackals
  3 kobolds
  A quokka (D:5)
  A ball python (D:1)
  A frilled lizard (D:5)
81 creatures vanquished.

Grand Total: 168 creatures vanquished

Notes
Turn   | Place    | Note
-------+----------+-------------------------------------------
     0 | D:1      | heresey83 the Demonspawn Wizard began the quest for the
                  | Orb.
     0 | D:1      | Reached XP level 1. HP: 13/13 MP: 4/4
   418 | D:1      | Gained mutation: You are partially covered in sharp spines.
                  | [demonic ancestry]
   418 | D:1      | Reached XP level 2. HP: 19/19 MP: 3/6
   490 | D:1      | Learned a level 2 spell: Blink
   493 | D:1      | Learned a level 2 spell: Call Imp
   496 | D:1      | Learned a level 2 spell: Slow
  1619 | D:2      | Gained mutation: You have a pair of small antennae on your
                  | head. [demonic ancestry]
  1619 | D:2      | Reached XP level 3. HP: 24/24 MP: 0/8
  2350 | D:2      | Noticed Jessica
  2358 | D:2      | Killed Jessica
  2358 | D:2      | Reached skill level 4 in Spellcasting
  2358 | D:2      | Gained mutation: You are partially covered in thin metallic
                  | scales. (AC +2) [demonic ancestry]
  2358 | D:2      | Reached XP level 4. HP: 25/30 MP: 0/10
  2482 | D:2      | Learned a level 3 spell: Conjure Flame
  3561 | D:3      | Reached XP level 5. HP: 33/35 MP: 1/11
  3660 | D:3      | Learned a level 3 spell: Mephitic Cloud
  4736 | D:4      | Found a staircase to the Ecumenical Temple.
  4753 | Temple   | Entered the Ecumenical Temple
  4828 | Temple   | Became a worshipper of Sif Muna the Loreminder
  4921 | D:4      | Noticed Ijyb
  4934 | D:4      | Killed Ijyb
  4993 | D:4      | Reached XP level 6. HP: 40/41 MP: 2/13
  5232 | D:4      | Reached skill level 5 in Spellcasting
  5355 | D:4      | Noticed Sigmund
  5403 | D:4      | Killed Sigmund
  5600 | D:4      | Found an iron altar of Okawaru.
  5744 | D:4      | Reached XP level 7. HP: 38/47 MP: 8/15
  5811 | D:4      | Reached * piety under Sif Muna
  6036 | D:5      | Entered Level 5 of the Dungeon
  6273 | D:5      | Reached skill level 1 in Fighting
  6346 | D:5      | Reached skill level 1 in Polearms
  6357 | D:5      | Reached skill level 6 in Spellcasting
  6620 | D:5      | Gained mutation: You are mostly covered in thin metallic
                  | scales. (AC +3) [demonic ancestry]
  6620 | D:5      | Reached XP level 8. HP: 54/54 MP: 13/17
  6773 | D:5      | Reached skill level 5 in Summonings
  6988 | D:6      | Found a sacrificial altar of Ru.
  7312 | D:6      | Reached ** piety under Sif Muna
  7749 | D:6      | Found a runed door.
  7753 | D:6      | Noticed Crazy Yiuf
  7759 | D:6      | Killed Crazy Yiuf
  7990 | D:7      | Got a shimmering ring mail
  8061 | D:7      | Reached skill level 7 in Spellcasting
  8071 | D:7      | Gained mutation: You sometimes gain a little power by
                  | taking damage. [demonic ancestry]
  8071 | D:7      | Reached XP level 9. HP: 19/61 MP: 15/19
  8218 | D:7      | Slain by a hippogriff

Skill      XL: |  1  2  3  4  5  6  7  8  9 |
---------------+----------------------------+-----
Dodging        | 2 3 |  3.1
Stealth        | 2 3 |  3.0
Spellcasting   | 4 5 6 7 |  7.4
Summonings     | 2 3 4 6 |  6.4
Conjurations   | 2 |  2.9
Fighting       | 1 2 |  2.0
Polearms       | 2 3 4 |  4.1
Maces & Flails | |  0.2
Translocations | |  0.8
Fire Magic     | |  0.1

Action                   |  1- 3 |  4- 6 |  7- 9 || total
-------------------------+-------+-------+-------++-------
Melee: Unarmed           |    16 |       |       ||    16
       Club              |     9 |       |       ||     9
       Mace              |     5 |    43 |       ||    48
       Scythe            |       |     3 |    72 ||    75
 Cast: Magic Dart        |    48 |    50 |    47 ||   145
       Call Imp          |    31 |    76 |    57 ||   164
       Conjure Flame     |       |     4 |       ||     4
  Use: Scroll            |     6 |     1 |       ||     7
       Potion            |     1 |     4 |     1 ||     6
 Stab: Distracted        |       |       |     2 ||     2
  Eat: Chunk             |     4 |     9 |     8 ||    21
       Ration            |     1 |       |       ||     1
Armor: Robe              |    14 |    22 |    18 ||    54
Dodge: Dodged            |    35 |    63 |    77 ||   175
